 Dungeon Crawl Stone Soup version 0.26-a0-40-gfe7b5d5a6f (webtiles) character file.

Game seed: 12896671763597363648, levelgen mode: deterministic

112354 lsi333111 the Fencer (level 16, -2/119 HPs)
             Began as an Octopode Monk on June 1, 2020.
             Was the Champion of Fedhas.
             Killed from afar by a deep elf mage (27 damage)
             ... with a bolt of cold
             ... on level 1 of the Elven Halls.
             The game lasted 00:58:19 (30857 turns).

lsi333111 the Fencer (Octopode Monk)               Turns: 30857, Time: 00:58:20

Health: -2/119     AC: 12    Str: 19    XL:     16   Next: 60%
Magic:  26/26      EV: 15    Int: 21    God:    Fedhas [******]
Gold:   132        SH: 19    Dex: 14    Spells: 11/28 levels left

rFire    . . .     SeeInvis +   t - +2 double sword (protect)
rCold    . . .     Gourm    .   u - +2 kite shield {reflect}
rNeg     + . .     Faith    .   L - +2 hat {SInv}
rPois    .         Spirit   .   r - amulet of reflection
rElec    .         Reflect  +   o - ring of positive energy
rCorr    +         Harm     .   K - +6 ring of strength
MR       ++...                  R - +6 ring of intelligence
Stlth    ++++......             h - ring of protection from magic
HPRegen  0.69/turn              v - ring of Mita {Str-2 Slay+2 SInv Stlth+}
MPRegen  0.20/turn              O - ring of resist corrosion
                                (no ring)
                                (no ring)

@: protection aura, constricted, lightly drained
A: almost no armour, stealthy swim, amphibious, 8 rings, constrict 8, icy blue
scales 1, camouflage 1, regeneration 1, gelatinous body 1
a: Wall of Briars, Grow Ballistomycete, Overgrow, Grow Oklob, Renounce Religion


You were on level 1 of the Elven Halls.
You worshipped Fedhas.
Fedhas was exalted by your worship.
You were near starving.

You visited 4 branches of the dungeon, and saw 24 of its levels.
You also visited: Bailey.

You collected 2552 gold pieces.
You spent 2420 gold pieces at shops.

Inventory:

Hand Weapons
 c - the +5 whip "Jeibot" {venom, *Noise +Inv rN+}
   (You took it off a big kobold on level 10 of the Dungeon)

   It poisons the flesh of those it strikes.
   It protects you from negative energy.
   It lets you turn invisible.
   It may make noises in combat.
 j - a +4 scimitar of flaming
 t - a +2 double sword of protection (weapon)
 B - a +2 scimitar of holy wrath
 P - a +6 scimitar of freezing
Missiles
 e - 10 curare-tipped darts (quivered)
 Y - 4 throwing nets {!f}
Armour
 u - a +2 kite shield of reflection (worn)
 L - a +2 hat of see invisible (worn)
Magical Staves
 M - an uncursed staff of air
Jewellery
 h - a ring of protection from magic (on tentacle)
 o - a ring of positive energy (left tentacle)
 r - an amulet of reflection (around mantle)
 v - the ring of Mita (on tentacle) {Str-2 Slay+2 SInv Stlth+}
   (You acquired it on level 2 of the Orcish Mines)

   [ring of stealth]

   It affects your strength (-2).
   It affects your accuracy and damage with ranged weapons and melee attacks
   (+2).
   It lets you see invisible.
   It makes you more stealthy.
 K - a +6 ring of strength (right tentacle)
 O - a ring of resist corrosion (on tentacle)
 R - a +6 ring of intelligence (on tentacle)
Wands
 s - a wand of flame (26)
 y - a wand of polymorph (4)
 A - a wand of disintegration (13)
 E - a wand of digging (10)
 G - a wand of paralysis (8)
 V - a wand of iceblast (5)
Scrolls
 a - 2 scrolls of holy word
 d - 2 scrolls of identify {@r1}
 f - 16 scrolls of remove curse {@r2}
 k - 4 scrolls of fog
 p - 15 scrolls of teleportation {@r3}
 z - 4 scrolls of fear
 J - 3 scrolls of blinking
 U - a scroll of silence
 W - a scroll of magic mapping
Potions
 g - 2 potions of invisibility
 i - 5 potions of curing {@q1}
 l - 5 potions of heal wounds
 m - a potion of cancellation
 n - a potion of mutation
 q - 2 potions of stabbing
 x - 3 potions of haste
 C - a potion of resistance
 I - 2 potions of lignification
 S - 2 potions of berserk rage
 X - 2 potions of might
Miscellaneous
 w - a lightning rod (4/4)
 F - a phial of floods
 Q - 2 boxes of beasts
Comestibles
 b - 41 rations


   Skills:
 - Level 14.0(13.8) Fighting
 + Level 15.1(14.9) Long Blades
 - Level 9.0(8.8) Dodging
 - Level 2.6(2.5) Stealth
 - Level 12.0(11.8) Shields
 + Level 6.9(6.8) Spellcasting
 * Level 8.5(8.3) Summonings
 - Level 4.0(3.8) Necromancy
 * Level 5.4(5.2) Translocations
 - Level 6.0(5.8) Invocations
 - Level 6.0(5.8) Evocations


You had 11 spell levels left.
You knew the following spells:

 Your Spells              Type           Power        Failure   Level  Hunger
a - Animate Skeleton      Necr           N/A          2%          1    None
b - Animate Dead          Necr           N/A          28%         4    ###....
c - Summon Forest         Summ/Tloc      #####.....   22%         5    #####..
e - Passwall              Tmut/Erth      #.......     21%         2    None
f - Silence               Hex/Air        #.........   98%         5    #####..

Your spell library contained the following spells:

 Spells                   Type           Power        Failure   Level  Hunger
 Pain                     Necr           ###.         2%          1    None
 Gell's Gravitas          Tloc           ####......   4%          3    #......
 Shroud of Golubria       Chrm/Tloc      ###...       7%          2    None
 Vampiric Draining        Necr           ###.......   9%          3    #......
 Corpse Rot               Necr/Air       N/A          10%         2    None
 Corona                   Hex            #......      14%         1    None
 Foxfire                  Conj/Fire      #...         14%         1    None
 Infusion                 Chrm           #...         14%         1    None
 Sandblast                Erth           #.....       14%         1    None
 Sting                    Tmut/Pois      #...         14%         1    None
 Ensorcelled Hibernation  Hex/Ice        #.....       21%         2    None
 Poisonous Vapours        Pois/Air       #.....       21%         2    None
 Song of Slaying          Chrm           #.......     21%         2    None
 Confusing Touch          Hex            #.......     38%         3    #......
 Conjure Flame            Conj/Fire      #.......     38%         3    #......
 Dazzling Flash           Conj/Hex       #.....       38%         3    #......
 Ignite Poison            Fire/Tmut/Pois #.......     38%         3    #......
 Mephitic Cloud           Conj/Pois/Air  #.......     38%         3    #......
 Ozocubu's Armour         Chrm/Ice       #.......     38%         3    #......
 Spectral Weapon          Hex/Chrm       #.......     38%         3    #......
 Stone Arrow              Conj/Erth      #.....       38%         3    #......
 Tukima's Dance           Hex            #.......     38%         3    #......
 Agony                    Necr           ###.....     61%         5    #####..
 Airstrike                Air            #.........   80%         4    ###....
 Cause Fear               Hex            #.........   80%         4    ###....
 Olgreb's Toxic Radiance  Pois           #.......     80%         4    ###....
 Petrify                  Tmut/Erth      #.......     80%         4    ###....
 Sticky Flame             Conj/Fire      #.......     80%         4    ###....
 Dispersal                Tloc           ####......   94%         6    ######.
 Bolt of Magma            Conj/Fire/Erth #.........   98%         5    #####..
 Fireball                 Conj/Fire      #.........   98%         5    #####..
 Iskenderun's Battlesphe  Conj/Chrm      #.......     98%         5    #####..
 Lee's Rapid Deconstruct  Erth           #.........   98%         5    #####..
 Metabolic Englaciation   Hex/Ice        #.........   98%         5    #####..
 Yara's Violent Unravell  Hex/Tmut       #.........   98%         5    #####..
 Iron Shot                Conj/Erth      #.........   100%        6    ######.
 Orb of Destruction       Conj           #.........   100%        7    #######
 Spellforged Servitor     Conj/Summ      ###.......   100%        7    #######
 Discord                  Hex            #.........   100%        8    #######


Dungeon Overview and Level Annotations

Branches:
Dungeon (15/15)            Temple (0/1) D:4            Lair (6/6) D:9
 Spider (0/4) Lair:2        Slime (0/5) Lair:6          Orc (2/2) D:9
    Elf (1/3) Orc:2        Vaults (0/5) D:13         Depths (0/5) D:15
 Bailey (visited)
  Swamp: Lair:2-4    Shoals: Lair:2-4

Altars:
Ashenzari
Cheibriados
Elyvilon
Fedhas
Gozag
Hepliaklqana
Makhleb
Okawaru
Sif Muna
Trog
Uskayaw
Wu Jian
Yredelemnul
The Shining One
Beogh
Jiyva

Shops:
D:6 ?   D:10 (*   D:14 *   Orc:2 [!?!

Annotations:
D:11 1 runed translucent door
Lair:4 1 exclusion


Innate Abilities, Weirdness & Mutations

You cannot wear most types of armour.
You are very stealthy in the water. (Stealth+)
You are amphibious.
You can wear up to eight rings at the same time.
You can use your tentacles to constrict eight enemies at once.
Your skin changes colour to match your surroundings (Stealth+).
Your rubbery body absorbs attacks. (AC +1, EV +1)
You are partially covered in icy blue scales. (AC +2)
Your natural rate of healing is unusually fast.


Message History

The splash of poison misses the naga.
The deep elf mage points at you and mumbles some strange words.
The bolt of cold hits you!
You closely miss the deep elf mage. You grab the deep elf mage.
You constrict the deep elf mage, but do no damage.
The deep elf archer shoots an arrow.
You reflect the arrow off your +2 kite shield of reflection!
The arrow is repelled.
You block the naga's attack. The naga barely misses you.
The deep elf mage points at you and mumbles some strange words.
The bolt of cold hits you!!
* * * LOW HITPOINT WARNING * * *
You hit the deep elf mage. You constrict the deep elf mage.
The deep elf archer shoots an arrow.
The arrow barely misses you. You block the naga's attack. The naga grabs you.
* * * LOW HITPOINT WARNING * * *
The naga constricts you. The deep elf mage casts a spell at you.
The bolt of cold hits you!!
You die...
Fedhas appreciates your contribution to the ecosystem.

## # .. ... ..# #.
.#.##..##.# .#
#.......##.# .#
#.#.....##.# .# ###
#.......##.####N#....#
............=(@)......
#.#...#.##..###e#.....
#.#.........# .# e..
#.#####.###.# .. .
#.......###.#####.
####.#.........##..
#..............#.
###...(.....# #.
#.........#


You could see a deep elf archer (repels missiles), a deep elf mage and a naga
shaped shifter.

Vanquished Creatures
  Gastronok (D:12)
  An orc warlord (Orc:2)
  A stone giant (Orc:1)
  Snorg (D:13)
  A vault guard (D:13)
  Erolcha (D:9)
  9 hydras
  Harold (Lair:2)
  4 rakshasas
  The ghost of iamserjio the Fighter, a journeyman OpMo of Makhleb (D:10)
  3 catoblepae
  5 centaur warriors
  2 death knights
  A dancing weapon (Elf:1)
  A tengu warrior (D:15)
  7 two-headed ogres
  An ogre mage (D:14)
  8 death yaks (Lair:6)
  4 orc high priests (Orc:2)
  A deep elf knight (Elf:1)
  A shock serpent (shapeshifter) (D:15)
  A skeletal warrior (D:15)
  2 unseen horrors
  A deep elf archer (Elf:1)
  A phantasmal warrior (D:15)
  8 deep elf magi
  2 ugly things (D:15)
  8 orc knights
  5 cyclopes
  4 manticores
  4 elephants (Lair:5)
  4 orc sorcerers
  4 black mambas
  3 torpor snails
  10 spiny frogs
  5 komodo dragons
  3 kobold demonologists
  2 efreet
  3 freezing wraiths
  9 rime drakes
  2 tengu conjurers (D:15)
  7 trolls
  A queen bee (D:11)
  Grinder (D:5)
  A hornet (D:13)
  2 polar bears
  7 dream sheep (Lair:6)
  7 hippogriffs
  10 blink frogs
  7 slime creatures
  2 redbacks (Lair:2)
  A spriggan (shapeshifter) (D:13)
  2 shadows (D:15)
  6 wyverns
  A water elemental (D:13)
  Eustachio (D:6)
  68 yaks
  2 wraiths
  12 basilisks
  A hog (D:8)
  A human (D:8)
  7 vampire mosquitoes
  A hungry ghost (D:12)
  A swamp worm (Lair:4)
  An acid dragon (D:10)
  Duvessa (D:6)
  Menkaure (D:5)
  4 wargs (Orc:2)
  10 porcupines
  13 water moccasins
  2 black bears
  44 orc warriors
  6 sky beasts
  4 ice beasts
  2 eyes of draining
  18 ogres
  A phantom (D:11)
  2 necrophages
  5 boggarts (D:15)
  4 wolves (Lair:1)
  9 centaurs
  22 crocodiles
  10 big kobolds
  14 bullfrogs
  A wyvern zombie (D:13)
  A wyvern skeleton (D:13)
  5 scorpions
  A water moccasin skeleton (D:7)
  Dowan (D:6)
  11 wights
  35 killer bees
  6 howler monkeys
  An electric eel (D:13)
  7 crimson imps
  A bullfrog zombie (D:11)
  4 centaur zombies
  4 jellies
  2 quasits
  19 orc wizards
  6 hounds
  34 orc priests
  3 bullfrog skeletons
  6 centaur skeletons
  3 iguanas
  12 worker ants
  A killer bee zombie (D:9)
  A hound skeleton (D:10)
  A howler monkey zombie (D:7)
  A gnoll (D:4)
  18 adders
  6 shadow imps
  7 oozes
  3 adder skeletons
  2 worms
  A worm (shapeshifter) (D:15)
  4 dart slugs
  8 leopard geckos
  116 orcs
  8 giant cockroaches
  16 hobgoblins
  24 jackals
  5 quokkas
  2 ball pythons (D:2)
  8 bats
  7 frilled lizards
  9 goblins
  23 kobolds
  A quokka skeleton (D:5)
  A quokka zombie (D:4)
  11 rats
  4 ballistomycete spores
909 creatures vanquished.

Vanquished Creatures (collateral kills)
  A hydra (Lair:6)
  A catoblepas (Lair:6)
  A death yak (Lair:6)
  A manticore (D:11)
  2 spiny frogs (Lair:4)
  A rime drake (Lair:4)
  2 blink frogs
  3 hippogriffs
  2 dream sheep (Lair:6)
  9 yaks
  A porcupine (D:9)
  2 orc warriors (Orc:2)
  A boggart (D:15)
  An ogre (Orc:2)
  2 bullfrogs
  A killer bee (D:11)
  A hound (D:9)
  2 orc priests
  An iguana (D:9)
  An orc wizard (D:9)
  An orc (Orc:2)
  A goblin (D:2)
  A bat (D:2)
  179 ballistomycete spores
218 creatures vanquished.

Vanquished Creatures (others)
  An orc warrior (Bailey)
  An ogre (D:14)
  A howler monkey (D:7)
  An electric eel (D:6)
  An iguana (D:14)
  12 ballistomycete spores
  A bush (Lair:4)
  38 fungi
  11 plants
67 creatures vanquished.

Grand Total: 1194 creatures vanquished

Notes
Turn   | Place    | Note
-------+----------+-------------------------------------------
     0 | D:1      | lsi333111 the Octopode Monk began the quest for the Orb.
     0 | D:1      | Reached XP level 1. HP: 16/16 MP: 1/1
     1 | D:1      | Found a runed translucent door.
    96 | D:1      | Reached XP level 2. HP: 21/21 MP: 2/2
   415 | D:1      | Reached XP level 3. HP: 27/27 MP: 3/3
   818 | D:1      | Reached XP level 4. HP: 33/33 MP: 4/4
   903 | D:2      | Found a blossoming altar of Fedhas.
   918 | D:2      | Became a worshipper of Fedhas Madash
   918 | D:2      | Reached * piety under Fedhas
   918 | D:2      | Reached ** piety under Fedhas
  1029 | D:2      | Found a faded altar of an unknown god.
  1065 | D:2      | Reached XP level 5. HP: 18/38 MP: 1/5
  1368 | D:2      | Reached skill level 5 in Fighting
  1634 | D:2      | Found a shattered altar of Ashenzari.
  1634 | D:2      | Found a hide-covered altar of Uskayaw.
  1805 | D:2      | Reached skill level 1 in Invocations
  2027 | D:3      | Found a bloodstained altar of Trog.
  2436 | D:3      | Reached XP level 6. HP: 45/45 MP: 6/6
  2465 | D:3      | Reached *** piety under Fedhas
  3463 | D:4      | Found an iron altar of Okawaru.
  3497 | D:4      | Reached XP level 7. HP: 50/52 MP: 8/8
  3546 | D:4      | Found an opulent altar of Gozag.
  3783 | D:4      | Found a staircase to the Ecumenical Temple.
  4243 | D:4      | Learned a level 1 spell: Animate Skeleton
  4257 | D:4      | Learned a level 4 spell: Animate Dead
  4280 | D:5      | Entered Level 5 of the Dungeon
  4292 | D:5      | Noticed Grinder
  4383 | D:5      | Reached skill level 1 in Necromancy
  4388 | D:5      | Paralysed by Grinder for 5 turns
  4397 | D:5      | Killed Grinder
  4397 | D:5      | Reached skill level 1 in Spellcasting
  4397 | D:5      | Reached XP level 8. HP: 53/60 MP: 6/10
  4729 | D:5      | Found a faded altar of an unknown god.
  4729 | D:5      | Found an ornate altar of the Wu Jian Council.
  4734 | D:5      | Found a snail-covered altar of Cheibriados.
  4736 | D:5      | Found a basalt altar of Yredelemnul.
  4738 | D:5      | Found a faded altar of an unknown god.
  4975 | D:5      | Noticed Menkaure
  4985 | D:5      | Killed Menkaure
  5621 | D:5      | Learned a level 1 spell: Corona
  5707 | D:6      | Noticed Eustachio
  5735 | D:6      | Killed Eustachio
  5983 | D:6      | Found Rarufirr's Magic Scroll Shop.
  5986 | D:6      | Bought 3 scrolls of teleportation for 99 gold pieces
  5986 | D:6      | Bought a scroll of fear for 38 gold pieces
  5986 | D:6      | Bought a scroll of teleportation for 33 gold pieces
  5986 | D:6      | Bought a scroll of teleportation for 33 gold pieces
  6013 | D:6      | Found a burning altar of Makhleb.
  6019 | D:6      | Reached skill level 5 in Invocations
  6234 | D:6      | Noticed Duvessa
  6234 | D:6      | Noticed Dowan
  6241 | D:6      | Killed Dowan
  6242 | D:6      | Killed Duvessa
  6242 | D:6      | Reached XP level 9. HP: 42/67 MP: 7/13
  7198 | D:7      | Found a flagged portal.
  7207 | Bailey   | Entered a bailey
  7598 | Bailey   | Noticed an orc knight
  7604 | Bailey   | Noticed an orc knight
  7965 | Bailey   | Reached skill level 10 in Fighting
  7965 | Bailey   | Reached skill level 1 in Evocations
  7968 | Bailey   | Killed an orc knight
  7968 | Bailey   | Reached skill level 1 in Shields
  7971 | Bailey   | Killed an orc knight
  7971 | Bailey   | Reached XP level 10. HP: 72/77 MP: 10/14
  8959 | D:7      | Gained mutation: You expend magic power (3 MP) to
                  | strengthen your wands. [mutagenic glow]
  8999 | D:7      | Gained mutation: You are clumsy. (Dex -2) [mutagenic glow]
  9284 | D:7      | Lost mutation: You expend magic power (3 MP) to strengthen
                  | your wands. [potion of mutation]
  9284 | D:7      | Lost mutation: You are clumsy. (Dex -2) [potion of
                  | mutation]
  9284 | D:7      | Gained mutation: Your natural rate of healing is unusually
                  | fast. [potion of mutation]
  9284 | D:7      | Gained mutation: You are partially covered in icy blue
                  | scales. (AC +2) [potion of mutation]
  9364 | D:6      | Bought a scroll of identify for 22 gold pieces
  9364 | D:6      | Bought a scroll of identify for 22 gold pieces
  9364 | D:6      | Bought a scroll of identify for 22 gold pieces
  9368 | D:6      | Learned a level 3 spell: Mephitic Cloud
  9371 | D:6      | Learned a level 2 spell: Passwall
  9432 | D:8      | Found a white marble altar of Elyvilon.
  9620 | D:8      | Noticed a two-headed ogre
  9642 | D:8      | Killed a two-headed ogre
  9764 | D:8      | Found a shimmering blue altar of Sif Muna.
  9934 | D:8      | Noticed a two-headed ogre
  9951 | D:8      | Killed a two-headed ogre
 10140 | D:8      | Reached skill level 5 in Evocations
 10350 | D:9      | Reached skill level 5 in Shields
 10467 | D:9      | Found a staircase to the Lair.
 10506 | D:9      | Reached XP level 11. HP: 83/85 MP: 15/15
 11080 | D:9      | Reached **** piety under Fedhas
 11366 | D:9      | Found a staircase to the Orcish Mines.
 11400 | D:9      | Noticed Erolcha
 11454 | D:9      | Killed Erolcha
 11876 | D:10     | Entered Level 10 of the Dungeon
 11882 | D:9      | Reached skill level 5 in Dodging
 12010 | D:10     | Killed an unseen horror
 12105 | D:10     | Found a runed translucent gate.
 12106 | D:10     | Found a runed translucent gate.
 12106 | D:10     | Noticed iamserjio's ghost (journeyman OpMo)
 12107 | D:10     | Found a runed translucent gate.
 12108 | D:10     | Identified the +5 whip "Jeibot" {venom, *Noise +Inv rN+}
 12320 | D:10     | Reached skill level 4 in Long Blades
 12335 | D:10     | Found Usiadgh's Antique Weapon Shop.
 12438 | D:10     | Found Qistaje's General Store.
 12463 | D:10     | Bought a potion of haste for 150 gold pieces
 12463 | D:10     | Bought a scroll of teleportation for 45 gold pieces
 12718 | D:10     | Noticed an eight-headed hydra
 12853 | D:11     | Reached skill level 5 in Long Blades
 13017 | D:11     | Found a runed translucent door.
 13018 | D:11     | Noticed a tengu reaver
 13020 | D:11     | Reached ***** piety under Fedhas
 13039 | D:11     | Noticed a manticore
 13084 | D:11     | Reached skill level 6 in Long Blades
 13116 | D:11     | Killed a manticore
 13116 | D:11     | Reached XP level 12. HP: 91/91 MP: 16/16
 13140 | D:11     | Reached skill level 7 in Long Blades
 13394 | D:11     | Noticed an eight-headed hydra
 13716 | D:12     | Noticed Gastronok
 13725 | D:12     | Killed Gastronok
 13725 | D:12     | Reached skill level 8 in Long Blades
 13995 | D:12     | Got a bound ruby amulet
 14057 | D:12     | Noticed a two-headed ogre
 14177 | D:12     | Killed a two-headed ogre
 14177 | D:12     | Reached skill level 9 in Long Blades
 14211 | D:12     | Identified the amulet "Helyefirch" {Faith rN+ Int-4 Dex+5
                  | Stlth+} (You found it on level 12 of the Dungeon)
 14843 | D:13     | Reached skill level 10 in Long Blades
 15040 | D:13     | Noticed Snorg
 15087 | D:13     | Killed Snorg
 15087 | D:13     | Reached XP level 13. HP: 86/97 MP: 13/17
 15574 | D:13     | Reached skill level 11 in Long Blades
 15663 | D:13     | Noticed a vault guard
 15696 | D:13     | Killed a vault guard
 16056 | D:13     | Found a gate to the Vaults.
 16218 | Lair:1   | Entered Level 1 of the Lair of Beasts
 16223 | Lair:1   | Found a burning altar of Makhleb.
 16614 | Lair:1   | You fall into a shaft and drop 1 floor!
 16656 | Lair:2   | Found a hole to the Spider Nest.
 16711 | Lair:2   | Reached skill level 12 in Long Blades
 17281 | Lair:2   | Noticed Harold
 17290 | Lair:2   | Killed Harold
 17710 | Lair:3   | Reached skill level 13 in Long Blades
 18551 | Lair:4   | Reached skill level 14 in Long Blades
 18677 | Lair:4   | Reached XP level 14. HP: 100/103 MP: 18/18
 19949 | Lair:5   | Reached skill level 10 in Shields
 20733 | Lair:5   | Learned a level 5 spell: Silence
 20735 | Lair:6   | Entered Level 6 of the Lair of Beasts
 20834 | Lair:6   | Identified the Papyrus of the Feathery Compass
 20866 | Lair:6   | Found a staircase to the Slime Pits.
 20867 | Lair:6   | Found a viscous altar of Jiyva.
 21986 | Lair:6   | Got an ichor-stained falchion
 22082 | Lair:6   | Reached XP level 15. HP: 89/113 MP: 16/19
 22219 | Lair:6   | Learned a level 5 spell: Summon Forest
 22532 | Lair:6   | Reached skill level 1 in Summonings
 22532 | Lair:6   | Reached skill level 1 in Translocations
 23227 | Lair:6   | Identified Tilor's Almanac of the Volcanoes
 23235 | Lair:6   | Identified the cursed +0 falchion of Kuipaab {speed, Str+5
                  | Int-3} (You found it on level 6 of the Lair of Beasts)
 23565 | Orc:1    | Entered Level 1 of the Orcish Mines
 23776 | Orc:1    | Found a roughly hewn altar of Beogh.
 24091 | Orc:2    | Entered Level 2 of the Orcish Mines
 25205 | Orc:2    | Found a staircase to the Elven Halls.
 25454 | Orc:2    | Found Leraxa's Distillery.
 25477 | Orc:2    | Bought a potion of cancellation for 144 gold pieces
 25496 | Orc:2    | Found a roughly hewn altar of Beogh.
 25637 | Orc:2    | Found Keshuig's Magic Scroll Shop.
 25658 | Orc:2    | Reached skill level 5 in Translocations
 25989 | Orc:2    | Reached skill level 5 in Summonings
 26048 | Orc:2    | Noticed an orc warlord
 26211 | Orc:2    | Killed an orc warlord
 26229 | Orc:2    | Found a roughly hewn altar of Beogh.
 26262 | Orc:2    | Found Zigu Zoidy's Armour Boutique.
 26285 | Orc:2    | Found Natwuo's Distillery.
 26636 | Orc:2    | Bought a scroll of acquirement for 780 gold pieces
 26636 | Orc:2    | Bought a scroll of acquirement for 780 gold pieces
 26638 | Orc:2    | Got the ring of Mita {Str-2 Slay+2 SInv Stlth+}
 26867 | D:14     | Reached skill level 5 in Spellcasting
 27167 | D:14     | Found Peseco's General Store.
 27177 | D:14     | Bought 6 curare-tipped darts for 50 gold pieces
 27412 | D:14     | Found a glowing golden altar of the Shining One.
 27613 | D:15     | Entered Level 15 of the Dungeon
 27736 | D:15     | Reached XP level 16. HP: 117/119 MP: 24/24
 28209 | D:15     | Found a hazy altar of Hepliaklqana.
 28942 | D:15     | Found a staircase to the Depths.
 29589 | Orc:2    | Bought a scroll of blinking for 112 gold pieces
 29599 | Orc:2    | Bought a potion of heal wounds for 90 gold pieces
 29759 | D:10     | Killed iamserjio's ghost
 29884 | D:10     | Reached skill level 15 in Long Blades
 30013 | D:10     | Found a blossoming altar of Fedhas.
 30026 | D:10     | Found a runed translucent door.
 30028 | D:10     | Found a runed translucent door.
 30142 | D:10     | Identified the cursed +0 war axe of Untimely Demise
                  | {freeze, rPois rC- rN+ Str+3}
 30179 | D:10     | Reached ****** piety under Fedhas
 30204 | D:10     | Got a dazzling great sword
 30424 | Lair:4   | Identified the +4 great sword "Olity" {vorpal, +Fly rC+}
                  | (You found it on level 10 of the Dungeon)
 30604 | Elf:1    | Entered Level 1 of the Elven Halls
 30857 | Elf:1    | Killed from afar by a deep elf mage

Illustrated notes

Levels and vault maps discovered:
D:1:      dpeg_arrival_caged_fury, layout_basic, minmay_pentomino_p4
D:2:      layout_loops_ring, chequers_temple_overflow_statue_of_worship,
          first_ration, chequers_ecumenical_altar_island, fedhas_altar_2
D:3:      layout_basic, lemuel_coloured_pillars_altar
D:4:      layout_gridville, okawaru_altar_gauntlet_db,
          nicolae_gozag_seed_capital, minmay_temple_entry_offerings
D:5:      layout_gridville, chequers_temple_overflow_minitemple, uniq_grinder,
          uniq_menkaure
D:6:      cheibrodos_helix_gallery, layout_loops_ring, bloody_makhleb,
          serial_shops, shop, minmay_misc_feat_x, uniq_eustachio, uniq_duvessa
D:7:      layout_gridville, enter_bailey_2
D:8:      layout_rooms, nicolae_overflow_hidden_temple, lemuel_blue_sif_altar,
          grunt_livestock, kennysheep_generic_room_14
D:9:      layout_basic, due_lair_maze_entry_diamond, david_orc_4,
          minmay_unpleasant_kobolds, uniq_erolcha
D:10:     minmay_the_grid_triangle_9x9_rhombus_full
          [minmay_the_grid_triangle_9x9_intruding_spiral,
          minmay_the_grid_triangle_9x9_semitri,
          minmay_the_grid_triangle_9x9_wacky_v,
          minmay_the_grid_triangle_9x9_shrine,
          minmay_the_grid_triangle_9x9_tough_junction,
          minmay_the_grid_triangle_9x9_pentomino_pain,
          minmay_the_grid_triangle_9x9_checkered,
          minmay_the_grid_triangle_9x9_prize_center], layout_long_grid,
          serial_shops, kennysheep_mini, nicolae_shop_waterfront,
          gammafunk_ghost_nasty_kobolds
D:11:     layout_basic, special_room [special_room_bee], minivault_13
D:12:     wander_river, layout_irregular_city, uniq_gastronok
D:13:     layout_big_octagon, david_vaults_5, minmay_misc_feat_pillars,
          uniq_snorg
D:14:     layout_roguey, serial_shops, shop, minmay_hedge_maze,
          nicolae_tso_carved_into_rock
D:15:     gammafunk_enter_depths_forms, layout_loops_corners, basic_altar,
          minmay_misc_feat_square, grunt_ministairs_10, minmay_misc_feat_encased
Lair:1:   layout_cave_pods, basic_altar
Lair:2:   layout_hall_layers, spider_nest_entry_webs, grunt_megastairs_1,
          minmay_lair_oklob_chamber, uniq_harold
Lair:3:   layout_cellular_growth
Lair:4:   layout_roguey, palyth_hydra_swamp_entry, special_room
          [special_room_mythical_zoo], beast_lair_carwin_8
Lair:5:   layout_hall_layers
Lair:6:   evilmike_catoblepas_cave, layout_cave_pods, slime_altar_1,
          minmay_lair_oklob_items
Orc:1:    layout_caves, basic_altar
Orc:2:    pubby_orc_utopia
Elf:1:    eino_elf_arrival_the_gate, layout_loops_corners,
          hangedman_elf_represent

Skill      XL: |  1  2  3  4  5  6  7  8  9 10 11 12 13 14 15 16 |
---------------+-------------------------------------------------+-----
Fighting       | 4 5 6 7 8 10 12 14 | 14.0
Dodging        | 4 6 8 9 |  9.0
Invocations    | 1 2 3 5 6 |  6.0
Necromancy     | 1 3 4 |  4.0
Spellcasting   | 1 2 5 6 |  6.9
Evocations     | 2 6 |  6.0
Shields        | 2 5 9 11 12 | 12.0
Long Blades    | 6 10 14 15 | 15.1
Summonings     | 7 8 |  8.5
Translocations | 5 |  5.4
Stealth        | |  2.6

Action                   |  1- 3 |  4- 6 |  7- 9 | 10-12 | 13-15 | 16-18 || total
-------------------------+-------+-------+-------+-------+-------+-------++-------
Melee: Dagger            |    83 |    56 |       |       |       |       ||   139
       Falchion          |     5 |       |       |       |       |       ||     5
       Constrict         |    25 |    51 |    38 |    80 |   140 |    54 ||   388
       Tentacles         |    16 |    42 |    39 |   149 |   274 |    75 ||   595
       Short sword       |       |   125 |   122 |   259 |    23 |       ||   529
       Long sword        |       |       |    31 |    28 |       |       ||    59
       Scimitar          |       |       |       |   212 |   938 |    19 ||  1169
       Double sword      |       |       |       |       |    96 |   244 ||   340
Throw: Dart              |       |       |     8 |     4 |       |       ||    12
       Javelin           |       |       |       |     6 |       |       ||     6
 Cast: Animate Skeleton  |       |       |     1 |    28 |   104 |     4 ||   137
Invok: Wall of Briars    |       |     2 |     1 |       |       |       ||     3
       Grow Ballistomyce |       |       |     8 |    12 |    22 |     2 ||    44
Evoke: Wand              |       |       |     2 |     9 |     5 |     4 ||    20
       Lightning rod     |       |       |       |       |     2 |       ||     2
  Use: Scroll            |       |       |     9 |    16 |    15 |     2 ||    42
       Potion            |       |       |     1 |     3 |     2 |       ||     6
 Stab: Sleeping          |    11 |    19 |    13 |    19 |    30 |     6 ||    98
       Distracted        |       |       |     2 |     2 |     7 |     1 ||    12
       Paralysed         |       |       |     2 |    16 |       |     2 ||    20
       Confused          |       |       |       |     8 |     7 |     1 ||    16
       Petrified         |       |       |       |       |     6 |       ||     6
  Eat: Chunk             |       |     8 |    11 |    24 |    41 |     6 ||    90
       Ration            |       |       |     1 |     1 |     1 |     1 ||     4
Armor: Skin              |    13 |    16 |     7 |    27 |    23 |    23 ||   109
Dodge: Dodged            |    55 |   114 |    87 |   129 |   267 |    83 ||   735
Block: Other             |       |    18 |    24 |       |       |       ||    42
       Kite shield       |       |       |     8 |   352 |   648 |   198 ||  1206
       Reflection        |       |       |       |    10 |    42 |     6 ||    58
       Rpst.: Long sword |       |       |     2 |     1 |       |       ||     3
       Scimitar          |       |       |       |    20 |    51 |       ||    71
       Double sword      |       |       |       |       |     2 |    20 ||    22

Table legend:
 A = Non-vault XP
 B = Vault XP
 C = Vault XP percentage of total XP
 D = Non-vault monster count
 E = Vault monster count
 F = Vault count percentage of total count
                 A         B        C        D         E       F
            +---------+---------+-------+---------+---------+-------
      Total |   87481 |   73025 |  45.5 |     558 |     390 |  41.1
            +---------+---------+-------+---------+---------+-------
        D:1 |      60 |      62 |  50.8 |      35 |      17 |  32.7
        D:2 |     143 |       0 |   0.0 |      29 |       0 |   0.0
        D:3 |     122 |       0 |   0.0 |      34 |       0 |   0.0
        D:4 |     357 |      25 |   6.5 |      16 |       6 |  27.3
        D:5 |     560 |     416 |  42.6 |      25 |       2 |   7.4
        D:6 |     491 |     487 |  49.8 |      12 |       5 |  29.4
        D:7 |     452 |       0 |   0.0 |      14 |       0 |   0.0
        D:8 |    2657 |    1086 |  29.0 |      15 |       6 |  28.6
        D:9 |    2343 |    2559 |  52.2 |      27 |      31 |  53.4
       D:10 |    2173 |    7290 |  77.0 |      15 |      32 |  68.1
       D:11 |    3329 |    1853 |  35.8 |      31 |      26 |  45.6
       D:12 |    6381 |    2151 |  25.2 |      36 |       1 |   2.7
       D:13 |    3775 |    3119 |  45.2 |      24 |       7 |  22.6
       D:14 |    8801 |    1318 |  13.0 |      28 |       2 |   6.7
       D:15 |   11413 |    6749 |  37.2 |      32 |      15 |  31.9
     Lair:1 |    1687 |       0 |   0.0 |      12 |       0 |   0.0
     Lair:2 |    4216 |    1539 |  26.7 |      20 |       4 |  16.7
     Lair:3 |    4818 |       0 |   0.0 |      19 |       0 |   0.0
     Lair:4 |    4886 |   12028 |  71.1 |      22 |      39 |  63.9
     Lair:5 |    7811 |       0 |   0.0 |      29 |       0 |   0.0
     Lair:6 |   13593 |    9680 |  41.6 |      43 |      23 |  34.8
      Orc:1 |    3862 |      18 |   0.5 |      35 |       6 |  14.6
      Orc:2 |       0 |   19702 | 100.0 |       0 |     149 | 100.0
      Elf:1 |    3551 |    1142 |  24.3 |       5 |       2 |  28.6
     Bailey |       0 |    1801 | 100.0 |       0 |      17 | 100.0
            +---------+---------+-------+---------+---------+-------
